 Dungeon Crawl Stone Soup version 0.21-a0-398-g2ec2765 (webtiles) character file.

55 Mitsuki the Magician (level 3, 0/19 HPs)
             Began as a Deep Elf Wizard on Oct 20, 2017.
             Slain by an adder (2 damage)
             ... on level 1 of the Dungeon.
             The game lasted 00:03:55 (1530 turns).

Mitsuki the Magician (Deep Elf Wizard)              Turns: 1530, Time: 00:03:56

Health: 0/19       AC:  2    Str:  4    XL:     3   Next: 67%
Magic:  8/12       EV: 13    Int: 23    God:
Gold:   123        SH:  0    Dex: 13    Spells: 6/13 levels left

rFire    . . .     SeeInvis .   o - +0 mace
rCold    . . .     Gourm    .   (no shield)
rNeg     . . .     Faith    .   a - +0 robe
rPois    .         Spirit   .   b - +0 hat
rElec    .         Reflect  .   (no cloak)
rCorr    .         Harm     .   (no gloves)
MR       .....                  (no boots)
Stlth    ++........             (no amulet)
HPRegen  0.06/turn              (no ring)
MPRegen  0.13/turn              (no ring)

@: lethally poisoned (0 -> -9)
A: no striking features
a: no special abilities


You were on level 1 of the Dungeon.
You were not hungry.

You visited 1 branch of the dungeon, and saw 2 of its levels.

You collected 123 gold pieces.

Inventory:

Hand Weapons
 o - a +0 mace (weapon)
Armour
 a - a +0 robe (worn)
 b - a +0 hat (worn)
Jewellery
 n - an uncursed amulet of faith
Scrolls
 h - a scroll of remove curse {unknown}
 i - 2 scrolls of identify {unknown}
 j - a scroll of teleportation {unknown}
 k - a scroll of enchant armour {unknown}
 l - a scroll of blinking {unknown}
 m - a scroll of fear {unknown}
Books
 c - a book of Minor Magic

   Spells                             Type                      Level
   a - Magic Dart                     Conjuration                  1
   b - Blink                          Translocation                2
   c - Call Imp                       Summoning                    2
   d - Slow                           Hexes                        2
   e - Conjure Flame                  Conjuration/Fire             3
   f - Mephitic Cloud                 Conjuration/Poison/Air       3
Comestibles
 d - a bread ration
 f - 4 chunks of flesh
 g - 3 royal jellies


   Skills:
 - Level 2.4 Dodging
 - Level 2.4 Stealth
 + Level 5.5 Spellcasting
 + Level 2.9 Conjurations
   Level 1.1 Summonings
   Level 1.1 Translocations


You had 6 spell levels left.
You knew the following spells:

 Your Spells              Type           Power        Failure   Level  Hunger
a - Magic Dart            Conj           ###.         2%          1    None
b - Conjure Flame         Conj/Fire      ##......     14%         3    ##.....
c - Mephitic Cloud        Conj/Pois/Air  ##......     19%         3    ##.....


Dungeon Overview and Level Annotations

Branches:
Dungeon (2/15)

Altars:

Annotations:
D:2 Terence


Message History

You are too injured to fight recklessly!
Casting: Magic Dart
Confirm with . or Enter, or press ? or * to list all spells.
Aiming: Magic Dart
Press: ? - help, Shift-Dir - straight line, f/p - adder
Aim: an adder (heavily wounded)
The magic dart hits the adder.
The adder is almost dead.
* * * LOW HITPOINT WARNING * * *
You feel sick. The adder closely misses you.
You take 1 damage, and have 2/19 hp.
You now have 9/12 mp.
Casting: Magic Dart
Confirm with . or Enter, or press ? or * to list all spells.
Aiming: Magic Dart
Press: ? - help, Shift-Dir - straight line, f/p - adder
Aim: an adder (almost dead)
The magic dart hits the adder.
The adder is almost dead.
The adder bites you.
You die...

##.# #.# #.># #.#
#.## #.# #.####
#.# #.##.## #.#
#.#.#.## #.#
#..###.# #.#
#####.#.## ###.#
..######### #@..#
#.#..##.<.# #S###
#.#).##...### #.#
#.#..####'#.## #.#
#.#..####....###.#
#.#'##.....#.....#
#.#.......######.#
......#)#### #.#
.#..###....# #.#


You could see an adder.

Vanquished Creatures
  2 adders
  2 dart slugs (D:1)
  A ball python (D:1)
  6 bats
  3 giant cockroaches
  3 hobgoblins
  2 jackals (D:2)
  3 frilled lizards (D:1)
  4 goblins
  3 kobolds
  6 rats
35 creatures vanquished.

Notes
Turn   | Place    | Note
-------+----------+-------------------------------------------
     0 | D:1      | Mitsuki the Deep Elf Wizard began the quest for the Orb.
     0 | D:1      | Reached XP level 1. HP: 10/10 MP: 7/7
   169 | D:1      | Reached XP level 2. HP: 15/15 MP: 6/9
   460 | D:1      | Reached skill level 5 in Spellcasting
  1067 | D:1      | Reached XP level 3. HP: 15/19 MP: 6/11
  1137 | D:1      | Learned a level 3 spell: Conjure Flame
  1141 | D:1      | Learned a level 3 spell: Mephitic Cloud
  1515 | D:2      | Noticed Terence
  1530 | D:1      | Slain by an adder

Vault maps used:
D:1:      dpeg_arrival_short_road
D:2:      minmay_diamond_boxcup, uniq_natasha, uniq_terence

Skill      XL: |  1  2 |
---------------+-------+-----
Conjurations   | 2 |  2.9
Spellcasting   | 5 |  5.5
Dodging        | |  2.4
Stealth        | |  2.4
Summonings     | |  1.1
Translocations | |  1.1

Action                   || total
-------------------------++-------
Melee: Club              ||     2
       Mace              ||     7
 Cast: Magic Dart        ||    69
       Mephitic Cloud    ||     2
 Stab: Confused          ||     1
  Eat: Chunk             ||     2
Armor: Robe              ||     3
Dodge: Dodged            ||    14

Table legend:
 A = Spawn XP
 B = Non-spawn XP
 C = Spawn XP percentage of total XP
 D = Spawn monster count
 E = Non-spawn monster count
 F = Spawn count percentage of total count
 G = Total turns spent on level
                    A         B        C        D         E        F      G
               +---------+---------+-------+---------+---------+-------+---------
         Total |       0 |      79 |   0.0 |       0 |      35 |   0.0 |  1530
               +---------+---------+-------+---------+---------+-------+---------
           D:1 |       0 |      52 |   0.0 |       0 |      26 |   0.0 |  1144
           D:2 |       0 |      27 |   0.0 |       0 |       9 |   0.0 |   386
               +---------+---------+-------+---------+---------+-------+---------
